 Dungeon Crawl Stone Soup version 0.31-a0-164-g2312942fda (webtiles) character file.

Game seed: 3869862371947658951

35 jzorn67 the Changer (level 3, -1/26 HPs)
             Began as a Human Wanderer on June 13, 2023.
             Slain by a goblin
             ... wielding a +0 dagger
              (3 damage)
             ... on level 2 of the Dungeon.
             The game lasted 00:23:48 (881 turns).

jzorn67 the Changer (Human Wanderer)                 Turns: 881, Time: 00:23:48

Health: -1/26      AC:  3    Str: 12    XL:     3   Next: 55%
Magic:  1/4        EV: 12    Int: 13    God:
Gold:   53         SH:  0    Dex: 13    Spells: 1/4 levels left

rFire   . . .        h - +0 long sword
rCold   . . .        (no shield)
rNeg    . . .        d - +0 robe
rPois   .            (no helmet)
rElec   .            (no cloak)
rCorr   .            b - +0 pair of gloves
SInv    .            (no boots)
Will    .....        (no amulet)
Stlth   ++           (no ring)
HPRegen 0.24/turn    (no ring)
MPRegen 0.09/turn

%: no passive effects
@: wereblooded
A: no striking features
a: no special abilities


You were on level 2 of the Dungeon.
You visited 1 branch of the dungeon, and saw 2 of its levels.

You collected 53 gold pieces.

Inventory:

Hand Weapons
 a - a +0 mace
 h - a +0 long sword (weapon)
Armour
 b - a +0 pair of gloves (worn)
 d - a +0 robe (worn)
 j - a +0 leather armour
 m - a +0 robe
 n - a +0 scale mail
Scrolls
 c - a scroll of fog
 f - a scroll of revelation {unknown}
 g - 2 scrolls of teleportation {unknown}
 i - 2 scrolls of identify {unknown}
Potions
 e - a potion of invisibility {unknown}
 k - a potion of curing {unknown}
 l - a potion of heal wounds {unknown}


   Skills:
 + Level 1.2 Fighting
 + Level 0.4 Long Blades
 + Level 1.3 Maces & Flails
 + Level 1.0 Armour
 + Level 2.2 Dodging
 + Level 1.2 Stealth
 + Level 1.1 Spellcasting
 + Level 3.5 Transmutations
 + Level 0.4 Poison Magic


You had one spell level left.
You knew the following spells:

 Your Spells              Type           Power      Damage    Failure   Level
a - Sting                 Tmut/Pois      20%        1d4       12%         1
b - Wereblood             Tmut           10%        N/A       10%         2

Your spell library contained the following spells:

 Spells                   Type           Power      Damage    Failure   Level
 Spider Form              Tmut/Pois      5%         N/A       36%         3
 Sublimation of Blood     Necr           0%         N/A       38%         2
 Ignite Poison            Fire/Tmut/Pois 4%         N/A       43%         3
 Summon Hydra             Summ           0%         N/A       100%        7


Dungeon Overview and Level Annotations

Branches:
Dungeon (2/15)

Altars:

Annotations:
D:2 Robin


Message History

The goblin barely misses you. Robin throws the goblin at you!
You barely miss the goblin. The goblin misses you.
The goblin hits you with a +0 dagger. The hobgoblin hits you.
You hit the goblin.
The goblin is heavily wounded.
The goblin barely misses you. The goblin closely misses you.
Robin says, "Bow before me, strongest of all the hobgoblins!"
The hobgoblin hits you. The hobgoblin barely misses you.
The goblin hits you with a +0 dagger. The goblin hits you but does no damage.
You barely miss the goblin.
The goblin is heavily wounded.
The goblin hits you with a +0 club. The goblin misses you.
The hobgoblin hits you.
* * * LOW HITPOINT WARNING * * *
You hit the goblin.
The goblin is severely wounded.
The goblin no longer looks unusually strong. x2
The goblin barely misses you. The goblin hits you but does no damage.
The hobgoblin barely misses you.
Casting: Sting (safe; 12% risk of failure)
Confirm with . or Enter, or press ? or * to list all spells.
Your blood is infused with primal strength.
The goblin hits you but does no damage. x2; The hobgoblin closely misses you.
You closely miss the goblin.
The goblin is severely wounded.
The goblin no longer looks unusually strong. x2
The goblin hits you with a +0 club.
* * * LOW HITPOINT WARNING * * *
The goblin hits you but does no damage.
Robin roars a battlecry!
The goblins go into a battle-frenzy!
The hobgoblin closely misses you. The hobgoblin hits you.
* * * LOW HITPOINT WARNING * * *
The goblin closely misses you.
The hobgoblin shouts!
You hit the goblin but do no damage.
The goblin is severely wounded.
The hobgoblin no longer looks unusually strong.
The goblin barely misses you. The goblin hits you with a +0 dagger.
You die...

#####.##.## #.#
....#....# #.#
........#######.##
.##..##..........#
.##.###########..#
...†###### #...#
#........# #.#.#
...#####... #.#g#
##.# #.#@# ##...
###ggg# ###...
#..gg## ..##
#.##g# ## # #g#
#.##.### #...g..#
#......# #......#


You could see Robin, 3 hobgoblins and 5 goblins.

Vanquished Creatures
  A dart slug (D:2)
  5 ball pythons
  2 giant cockroaches (D:1)
  5 goblins
  5 hobgoblins (D:1)
  6 bats (D:1)
  2 frilled lizards (D:1)
  2 kobolds (D:1)
  3 rats
31 creatures vanquished.

Notes
Turn   | Place    | Note
-------+----------+-------------------------------------------
     0 | D:1      | jzorn67 the Human Wanderer began the quest for the Orb.
     0 | D:1      | jzorn67 set off with the following items: a +0 mace, a +0
                  | pair of gloves, a scroll of fog, a +0 robe; and the
                  | following spell memorised: Sting; and the following spells
                  | available to memorise: Spider Form, Ignite Poison.
     0 | D:1      | Reached XP level 1. HP: 15/15 MP: 2/2
   100 | D:1      | Reached XP level 2. HP: 13/21 MP: 1/3
   493 | D:1      | Reached XP level 3. HP: 18/26 MP: 2/4
   859 | D:2      | Noticed Robin
   866 | D:2      | Learned a level 2 spell: Wereblood
   881 | D:2      | Slain by a goblin

Illustrated notes

Levels and vault maps discovered:
D:1:      wander_arrival_desolate, layout_loops_ring, serial_bayou,
          serial_bayou_pond_e, serial_bayou_shore_a, serial_bayou_lake_a,
          serial_bayou_pond_c
D:2:      layout_rooms, serial_forest, infiniplex_forest_diagonal,
          infiniplex_forest_lined_2, infiniplex_forest_3_way,
          infiniplex_forest_side_room, infiniplex_forest_straight_4,
          infiniplex_forest_lined_room_, shapermc_ecumenical_altar_notcrosses,
          hangedman_decor_points, uniq_crazy_yiuf_cottage, uniq_robin

Action                     || total
---------------------------++-------
  Melee: Mace              ||    22
         Long sword        ||    47
   Cast: Sting             ||    23
         Wereblood         ||     1
   Stab: Sleeping          ||     1
 Armour: Robe              ||    33
  Dodge: Dodged            ||    67

Table legend: (Time is in decaauts)
 A = Elapsed time spent in this place.
 B = Non-inter-level travel time spent in this place.
 C = Inter-level travel time spent in this place.
 D = Time resting spent in this place.
 E = Time spent auto-exploring this place.
 F = Levels seen in this place.
 G = Mean time per level.
                   A        B        C        D        E       F      G
               +--------+--------+--------+--------+--------+-----+--------+
         Total |    959 |    429 |    530 |      0 |      0 |   2 |  479.5 |
       Dungeon |    959 |    429 |    530 |      0 |      0 |   2 |  479.5 |
               +--------+--------+--------+--------+--------+-----+--------+

Top non-repeatable levels by time:
     D:1: 815 daAuts
     D:2: 144 daAuts
